 Dungeon Crawl Stone Soup version 0.18.1-50-g88ac8fd (webtiles) character file.

776 userone the Conjurer (level 7, -7/56 HPs)
             Began as a Centaur Conjurer on Mar 22, 2017.
             Killed by divine providence
             ... invoked by an orc priest
              (16 damage)
             ... on level 4 of the Dungeon on Mar 23, 2017.
             The game lasted 00:45:40 (6634 turns).

userone the Conjurer (Centaur Conjurer)             Turns: 6634, Time: 00:45:41

Health: -7/56      AC:  7    Str: 10    XL:     7   Next: 54%
Magic:  1/14       EV:  8    Int: 16    God:
Gold:   137        SH:  0    Dex: 10    Spells: 4 memorised, 4 levels left

rFire  . . .     SeeInvis .     g - +1 mace (venom)
rCold  + . .     Gourm    .     r - +0 ring mail {rC+}
rNeg   + . .     Faith    .     (no shield)
rPois  .         Spirit   .     (no helmet)
rElec  .         Dismiss  .     f - +0 cloak
rCorr  .         Reflect  .     m - +0 pair of gloves
SustAt .         Harm     .     (no barding)
MR     .....                    (no amulet)
Stlth  ..........               (no ring)
                                w - ring of positive energy

@: very slightly contaminated, very quick, not resistant to hostile
enchantments, extremely unstealthy
A: hooves 3, deformed body, speed 2, tough skin 3
a: no special abilities


You were on level 4 of the Dungeon.
You were not hungry.

You visited 1 branch of the dungeon, and saw 4 of its levels.

You collected 137 gold pieces.

Inventory:

Hand Weapons
 d - a +1 dagger of venom
 g - a +1 mace of venom (weapon)
 l - a +0 hunting sling
 F - a +2 whip of pain
Missiles
 h - 11 sling bullets
 i - 46 bolts
 n - 60 stones (quivered)
 q - 16 arrows
Armour
 a - a +0 robe
 f - a +0 cloak (worn)
 m - a +0 pair of gloves (worn)
 r - a +0 ring mail of cold resistance (worn)
Jewellery
 w - a ring of positive energy (left hand)
Scrolls
 c - a scroll of fog {unknown}
 j - a scroll of amnesia
 p - 3 scrolls of teleportation
 s - a scroll of noise {unknown}
 t - a scroll of recharging
 u - 2 scrolls of remove curse
 v - a scroll of magic mapping {unknown}
 y - a scroll of enchant armour {unknown}
Potions
 e - a potion of cure mutation
 k - a potion of flight {unknown}
 o - a potion of agility
 x - a potion of ambrosia {unknown}
 A - a potion of curing
 D - a potion of resistance {unknown}
 E - a potion of might
 G - a potion of berserk rage {unknown}
Books
 b - a book of Conjurations

   Spells                             Type                      Level
   a - Magic Dart                     Conjuration                  1
   b - Searing Ray                    Conjuration                  2
   c - Dazzling Spray                 Conjuration/Hexes            3
   d - Fulminant Prism                Conjuration/Hexes            4
   e - Iskenderun's Mystic Blast      Conjuration                  4
   f - Iskenderun's Battlesphere      Conjuration/Charms           5
Comestibles
 z - a royal jelly
 B - a meat ration
 C - a beef jerky


   Skills:
 + Level 2.4 Fighting
 - Level 1.3 Dodging
 - Level 1.2 Stealth
 * Level 4.8 Spellcasting
 + Level 5.3 Conjurations
 + Level 2.2 Hexes


You had 4 spell levels left.
You knew the following spells:

 Your Spells              Type           Power        Failure   Level  Hunger
a - Magic Dart            Conj           ###.         4%          1    None
b - Searing Ray           Conj           ###...       10%         2    ##.....
c - Iskenderun's Mystic   Conj           ###.....     45%         4    ####...
d - Fulminant Prism       Conj/Hex       ###.......   82%         4    ####...


Dungeon Overview and Level Annotations

Branches:
Dungeon (4/15)
 Temple: D:4-7

Altars:
Kikubaaqudgha
Ru


Innate Abilities, Weirdness & Mutations

You have hooves in place of feet.
Armour fits poorly on your strangely shaped body.
You cover ground very quickly.
You have extremely tough skin (AC +3).


Message History

The orc priest invokes the aid of Beogh against you.
You struggle to resist.
Casting: Magic Dart
Confirm with . or Enter, or press ? or * to list all spells.
Aiming: Iskenderun's Mystic Blast
Press: ? - help, Shift-Dir - straight line, f/p - orc priest
Aim: an orc priest, wielding a short sword (heavily wounded)
You miscast Iskenderun's Mystic Blast.
You are caught in a violent explosion!
The explosion engulfs you!
* * * LOW HITPOINT WARNING * * *
Casting: Iskenderun's Mystic Blast
Confirm with . or Enter, or press ? or * to list all spells.
Aiming: Magic Dart
Press: ? - help, Shift-Dir - straight line, f/p - orc priest
Aim: an orc priest, wielding a short sword (heavily wounded)
The magic dart hits the orc priest.
The orc priest is almost dead.
The orc priest calls down the wrath of Beogh upon you.
Beogh smites you!
You die...

#.# #........ .. #.#
#......#. #. #.#
#.....### #. #.###..#.##
#. #......###### #.
#####.......# # #.
##.#####..
#...##.########...####..
.....o.@..)).).......'..
#...##.########.....##..
. ... ##.##.##.. ###.
#.##.##.# #. #.......#
.. ####.#### #. #.# #.
#.# #.#


You could see an orc priest.

Vanquished Creatures
  The ghost of TurplePurtle the Grave Robber, a novice HONe of Yredelemnul (D:4)
  2 ogres (D:4)
  The ghost of userone the Conjurer, an amateur DrCj of Kikubaaqudgha (D:3)
  A giant frog zombie (D:3)
  A gnoll shaman (D:4)
  A worker ant (D:4)
  Robin (D:2)
  6 gnolls
  An adder (D:3)
  An ooze (D:2)
  2 worms (D:3)
  2 dart slugs
  3 giant geckos
  An orc (D:3)
  5 giant cockroaches
  18 goblins
  11 hobgoblins
  6 jackals
  A quokka (D:4)
  2 ball pythons
  3 bats
  2 giant newts
  4 kobolds
  8 rats
84 creatures vanquished.

Notes
Turn   | Place    | Note
--------------------------------------------------------------
     0 | D:1      | userone the Centaur Conjurer began the quest for the Orb.
     0 | D:1      | Reached XP level 1. HP: 14/14 MP: 3/3
   557 | D:1      | Reached XP level 2. HP: 5/20 MP: 0/5
   808 | D:1      | Learned a level 2 spell: Searing Ray
   920 | D:1      | Reached skill level 4 in Conjurations
  1467 | D:1      | Reached XP level 3. HP: 26/26 MP: 2/6
  3362 | D:2      | Noticed Robin
  3373 | D:2      | Killed Robin
  3373 | D:2      | Reached XP level 4. HP: 22/33 MP: 0/8
  3842 | D:3      | Noticed userone's ghost (amateur DrCj)
  4152 | D:3      | Killed userone's ghost
  4152 | D:3      | Reached XP level 5. HP: 16/38 MP: 0/10
  4439 | D:3      | Learned a level 4 spell: Iskenderun's Mystic Blast
  4444 | D:3      | Learned a level 4 spell: Fulminant Prism
  4808 | D:3      | Found an ancient bone altar of Kikubaaqudgha.
  5249 | D:4      | Noticed TurplePurtle's ghost (novice HONe)
  5575 | D:4      | Killed TurplePurtle's ghost
  5575 | D:4      | Reached skill level 1 in Fighting
  5575 | D:4      | Reached skill level 5 in Conjurations
  5575 | D:4      | Reached skill level 1 in Hexes
  5575 | D:4      | Reached XP level 6. HP: 18/48 MP: 4/12
  5840 | D:4      | Reached XP level 7. HP: 53/53 MP: 6/13
  6385 | D:4      | Found a sacrificial altar of Ru.
  6634 | D:4      | Killed from afar by an orc priest

Skill      XL: |  1  2  3  4  5  6  7 |
---------------+----------------------+-----
Spellcasting   | 2 3 4 |  4.8
Conjurations   | 4 5 |  5.3
Fighting       | 1 2 |  2.4
Hexes          | 1 2 |  2.2
Dodging        | |  1.3
Stealth        | |  1.2

Action                   |  1- 3 |  4- 6 |  7- 9 || total
-------------------------+-------+-------+-------++-------
Melee: Unarmed           |     8 |       |       ||     8
       Dagger            |    11 |       |       ||    11
       Kick              |     4 |     5 |     6 ||    15
       Short sword       |    13 |    22 |       ||    35
       Mace              |       |    28 |    26 ||    54
 Cast: Magic Dart        |    83 |    53 |    30 ||   166
       Searing Ray       |     3 |     8 |     3 ||    14
  Use: Scroll            |     5 |     4 |       ||     9
       Potion            |       |     4 |       ||     4
  Eat: Chunk             |     3 |     1 |       ||     4
       Bread ration      |     1 |     2 |       ||     3
Armor: Robe              |     4 |       |       ||     4
       Ring mail         |    15 |    43 |     9 ||    67
Dodge: Dodged            |    12 |    26 |    15 ||    53
